 Dungeon Crawl Stone Soup version 0.29.0-11-gd7f09526c8 (webtiles) character file.

Game seed: 4904736789709097298

23 sanka the Sneak (level 2, -3/25 HPs)
             Began as a Demigod Delver on Sept 2, 2022.
             Slain by an orc
             ... wielding a +1 short sword of electrocution
              (4 damage)
             ... on level 3 of the Dungeon.
             The game lasted 00:02:53 (858 turns).

sanka the Sneak (Demigod Delver)                     Turns: 858, Time: 00:02:53

Health: -3/25      AC:  3    Str: 13    XL:     2   Next: 57%
Magic:  4/4        EV: 11    Int: 12    God:
Gold:   49         SH:  0    Dex: 15    Spells: 1/1 levels left

rFire   . . .      SeeInvis .     - Unarmed
rCold   . . .      Faith    .   (no shield)
rNeg    . . .      Spirit   .   a - +0 leather armour
rPois   .          Reflect  .   (no helmet)
rElec   .          Harm     .   (no cloak)
rCorr   .          Rampage  .   (no gloves)
Will    .....                   (no boots)
Stlth   +++.......              (no amulet)
HPRegen 0.08/turn               (no ring)
MPRegen 0.09/turn               (no ring)

@: no status effects
A: high MP 1, forlorn, divine attributes
a: no special abilities


You were on level 3 of the Dungeon.
You visited 1 branch of the dungeon, and saw 3 of its levels.

You collected 49 gold pieces.


Innate Abilities, Weirdness & Mutations

You have an increased reservoir of magic. (+10% MP)
You shall have no god before yourself.
Your divine heritage dramatically boosts your attributes as you level up.


   Skills:
 - Level 2.6 Fighting
 - Level 1.7 Dodging
 - Level 4.5 Stealth
 + Level 3.0 Unarmed Combat


You had one spell level left.
You didn't know any spells.
Your spell library contained the following spells:

 Spells                   Type           Power      Damage    Failure   Level
 Fireball                 Conj/Fire      0%         3d3       100%        5
 Starburst                Conj/Fire      0%         6d3       100%        6
 Ignition                 Fire           0%         3d3       100%        8

Inventory:

Armour
 a - a +0 leather armour (worn)
Wands
 f - a wand of digging (3)
Scrolls
 b - a scroll of fog
 c - a scroll of magic mapping
 d - 3 scrolls of identify {unknown}
 e - a scroll of teleportation {unknown}
 g - a scroll of blinking {unknown}

Dungeon Overview and Level Annotations

Branches:
Dungeon (5/15)
 Temple: D:4-7

Annotations:
D:3 exclusion: adder, Robin
D:5 exclusions: jelly and white imp

......▒
......▒▒▒▒▒▒▒▒▒▒▒▒▒▒
.<...............>..
.....▒▒▒▒.▒....▒▒▒.▒
.....▒ ▒.▒.▒▒▒▒ .▒
)....▒▒▒▒...▒▒▒▒▒▒.▒
.....▒▒............▒
.....+..▒▒▒▒▒▒▒▒▒..▒
.....▒▒ ▒...[..op..▒
.....▒ .....!..!.▒▒
.....▒ ▒.▒▒▒▒▒▒▒▒▒
.....▒ .▒▒▒▒▒ ▒▒ ...
..... .....


You could see an orc.


Message History

The kobold barely misses you.
You hit the kobold.
The kobold is moderately wounded.
The kobold closely misses you.
You hit the kobold.
You kill the kobold!
No target in view!
No target in view!
No target in view!
d - 3 scrolls labelled KUNWOE JIABIK (gained 1)
Found a stone staircase leading down. 2 adders come into view.
Found a stone staircase leading down.
An orc comes into view.
It is wielding a +1 short sword of electrocution.
Found 8 gold pieces, a pair of gloves, a black potion and a lumpy pink potion.
You see here 8 gold pieces.
The helpless orc fails to defend itself.
You hit the orc.
The orc is lightly wounded.
The orc hits you with a +1 short sword of electrocution.
You are electrocuted!!
Ouch! That really hurt!
* * * LOW HITPOINT WARNING * * *
Unknown command.
It was a potion of cancellation.
You feel magically purged. The orc misses you.
The orc attacks as you move away!
The orc hits you with a +1 short sword of electrocution.
You die...

Action                   || total
-------------------------++-------
Melee: Unarmed           ||    55
       Punch             ||     2
  Use: Potion            ||     2
       Scroll            ||     1
 Stab: Sleeping          ||     1
Armor: Leather armour    ||     4
Dodge: Dodged            ||    39

Levels and vault maps discovered:
D:3:      layout_basic, minmay_misc_feat_doors, uniq_grinder, uniq_robin
D:4:      layout_rooms, mainiacjoe_overflow_alcove_4,
          minmay_temple_entry_statues, st_stairs_10, uniq_blork_the_orc
D:5:      layout_loops_ring, kennysheep_potato, uniq_prince_ribbit1

Notes
Turn   | Place    | Note
-------+----------+-------------------------------------------
     0 | D:5      | sanka the Demigod Delver began the quest for the Orb.
     0 | D:5      | Reached XP level 1. HP: 18/18 MP: 3/3
    38 | D:5      | Noticed a jelly
    73 | D:4      | Noticed a scorpion
   151 | D:4      | Reached skill level 2 in Unarmed Combat
   376 | D:3      | Reached XP level 2. HP: 21/25 MP: 4/4
   489 | D:3      | Noticed Robin
   708 | D:3      | Reached skill level 3 in Unarmed Combat
   855 | D:3      | HP: 1/25 [orc/+1 short sword of electrocution (18)]
   858 | D:3      | Slain by an orc

Vanquished Creatures
  4 endoplasms
  A giant cockroach (D:4)
  4 goblins
  5 jackals (D:3)
  5 kobolds
19 creatures vanquished.
